 Dungeon Crawl Stone Soup version 0.30-a0-12-gd8047c6341 (webtiles) character file.

Game seed: 9971971474181209266

92 nickcage the Chopper (level 4, 0/37 HPs)
             Began as a Minotaur Gladiator on Aug 23, 2022.
             Slain by Ijyb
             ... wielding a +1 dagger of flaming
              (6 damage)
             ... on level 3 of the Dungeon.
             The game lasted 00:02:50 (1736 turns).

nickcage the Chopper (Minotaur Gladiator)           Turns: 1736, Time: 00:02:50

Health: 0/37       AC:  5    Str: 21    XL:     4   Next: 35%
Magic:  3/3        EV: 11    Int:  5    God:
Gold:   126        SH:  0    Dex: 11    Spells: 3/3 levels left

rFire   . . .      SeeInvis .    a - +0 war axe
rCold   . . .      Faith    .    (no shield)
rNeg    . . .      Spirit   .    f - +0 ring mail
rPois   .          Reflect  .    c - +0 hat
rElec   .          Harm     .    (no cloak)
rCorr   .          Rampage  .    (no gloves)
Will    .....                    (no boots)
Stlth   ..........               (no amulet)
HPRegen 0.12/turn                (no ring)
MPRegen 0.08/turn                (no ring)

@: confused
A: horns 2, retaliatory headbutt
a: no special abilities


You were on level 3 of the Dungeon.
You visited 1 branch of the dungeon, and saw 3 of its levels.

You collected 126 gold pieces.

Inventory:

Hand Weapons
 a - a +0 war axe (weapon)
Missiles
 d - 3 throwing nets
 e - a javelin
 j - 7 poisoned darts (quivered)
Armour
 b - a +0 leather armour
 c - a +0 hat (worn)
 f - a +0 ring mail (worn)
Scrolls
 g - a scroll of noise {unknown}
 h - 2 scrolls of teleportation {unknown}
 k - a scroll of butterflies {unknown}
 l - 2 scrolls of identify {unknown}
 m - a scroll of vulnerability {unknown}
 n - a scroll of enchant armour {unknown}
Potions
 i - 2 potions of magic {unknown}


   Skills:
 - Level 2.4 Fighting
 + Level 6.3 Axes
 - Level 2.0 Throwing
 - Level 3.2 Dodging


You had 3 spell levels left.
You didn't know any spells.
Your spell library was empty.

Dungeon Overview and Level Annotations

Branches:
Dungeon (3/15)

Altars:
Xom

Shops:
D:1 [

Annotations:
D:3 Ijyb


Innate Abilities, Weirdness & Mutations

You have a pair of horns on your head.
You reflexively headbutt those who attack you in melee.


Message History

You closely miss Ijyb. Your headbutt misses Ijyb.
Ijyb is moderately wounded.
Ijyb hits you with a +1 dagger of flaming.
Ijyb burns you.
Ijyb hits you with a +1 dagger of flaming.
Ijyb burns you.
You feel less confused.
Ijyb zaps a wand.
You resist with some effort.
Ijyb hits you with a +1 dagger of flaming.
Ijyb burns you.
You closely miss Ijyb.
Ijyb is moderately wounded.
Ijyb zaps a wand.
Your will is overpowered!
You are confused.
You closely miss Ijyb. Your headbutt misses Ijyb.
Ijyb is moderately wounded.
Ijyb screams, "Me kill you!"
Ijyb zaps a wand.
You resist with some effort.
Ijyb hits you with a +1 dagger of flaming.
* * * LOW HITPOINT WARNING * * *
Ijyb burns you.
* * * LOW HITPOINT WARNING * * *
You barely miss Ijyb. You headbutt Ijyb, but do no damage.
Ijyb is moderately wounded.
Ijyb hits you but does no damage.
You hit Ijyb but do no damage.
Ijyb is moderately wounded.
Ijyb zaps a wand.
You resist with some effort.
You're too confused to move!
Ijyb zaps a wand.
Your will is overpowered!
You are more confused.
You're too confused to move!
Ijyb screams, "Die!"
Ijyb hits you with a +1 dagger of flaming.
* * * LOW HITPOINT WARNING * * *
Ijyb burns you.
* * * LOW HITPOINT WARNING * * *
You closely miss Ijyb.
Ijyb is moderately wounded.
Ijyb hits you with a +1 dagger of flaming.
You die...

... .... ....
########...
#.........
#.......#
###.......#
..#.......#
#.#.....@.#
#.#......g# .
#.#.......#
#.##.####.####
#...<........#
#......#..#.#..##
###.........#...#
#(##.#.......##
#. #.........#


You could see Ijyb.

Vanquished Creatures
  An iguana (D:3)
  A gnoll (D:1)
  An adder (D:2)
  A worm (D:2)
  4 ball pythons (D:1)
  6 bats
  4 endoplasms
  3 giant cockroaches
  5 goblins
  3 hobgoblins (D:1)
  3 jackals (D:2)
  A quokka (D:2)
  A frilled lizard (D:1)
  6 kobolds
  3 rats (D:1)
43 creatures vanquished.

Notes
Turn   | Place    | Note
-------+----------+-------------------------------------------
     0 | D:1      | nickcage the Minotaur Gladiator began the quest for the
                  | Orb.
     0 | D:1      | Reached XP level 1. HP: 18/18 MP: 0/0
     2 | D:1      | Noticed an elf
     4 | D:1      | Noticed a meteoran
     6 | D:1      | Noticed a tengu
     6 | D:1      | Noticed a vampire
    19 | D:1      | Noticed a merfolk
    21 | D:1      | Noticed a palentonga
    21 | D:1      | Noticed a demigod
    23 | D:1      | Noticed a demonspawn
    23 | D:1      | Noticed a formicid
    25 | D:1      | Noticed a minotaur
    25 | D:1      | Noticed a naga
    27 | D:1      | Noticed a draconian
    27 | D:1      | Noticed a spriggan
    29 | D:1      | Noticed a vine stalker
    29 | D:1      | Noticed a troll
    31 | D:1      | Noticed a ghoul
    31 | D:1      | Noticed an octopode
    33 | D:1      | Noticed a gargoyle
    33 | D:1      | Noticed a felid
    35 | D:1      | Noticed an ogre
    35 | D:1      | Noticed a naga
    37 | D:1      | Noticed a demigod
    37 | D:1      | Noticed an octopode
    60 | D:1      | Reached skill level 4 in Axes
    67 | D:1      | Reached XP level 2. HP: 19/25 MP: 1/1
   269 | D:1      | Found Gosho's Antique Armour Boutique.
   403 | D:1      | Reached skill level 5 in Axes
   467 | D:1      | Reached XP level 3. HP: 27/30 MP: 2/2
   799 | D:2      | Found a shimmering altar of Xom.
  1691 | D:3      | Reached skill level 6 in Axes
  1691 | D:3      | Reached XP level 4. HP: 37/37 MP: 3/3
  1699 | D:3      | Noticed Ijyb
  1736 | D:3      | Slain by Ijyb

Illustrated notes

Levels and vault maps discovered:
D:1:      kb_arrival_jail, layout_basic, serial_shops,
          nicolae_shop_hallway_stairs
D:2:      layout_loops_corners, basic_altar, roderic_serpentine_path,
          nicolae_figureground_pulse
D:3:      layout_loops_cross, nicolae_overflow_ecumenical_swirl,
          gammafunk_ghost_smash, uniq_ijyb

Skill      XL: |  1  2  3 |
---------------+----------+-----
Axes           | 4 5 6 |  6.3
Fighting       | |  2.4
Throwing       | |  2.0
Dodging        | |  3.2

Action                   |  1- 3 |  4- 6 || total
-------------------------+-------+-------++-------
Melee: War axe           |    59 |    18 ||    77
       Headbutt          |     6 |     2 ||     8
Throw: Dart              |     2 |       ||     2
Armor: Ring mail         |    21 |     2 ||    23
Dodge: Dodged            |    45 |     7 ||    52

Table legend: (Time is in decaauts)
 A = Elapsed time spent in this place.
 B = Non-inter-level travel time spent in this place.
 C = Inter-level travel time spent in this place.
 D = Time resting spent in this place.
 E = Time spent auto-exploring this place.
 F = Levels seen in this place.
 G = Mean time per level.
                   A        B        C        D        E       F      G
               +--------+--------+--------+--------+--------+-----+--------+
         Total |   1752 |   1607 |    145 |      0 |   1346 |   3 |  584.0 |
       Dungeon |   1752 |   1607 |    145 |      0 |   1346 |   3 |  584.0 |
               +--------+--------+--------+--------+--------+-----+--------+

Top non-repeatable levels by time:
     D:2: 991 daAuts
     D:1: 705 daAuts
     D:3: 56 daAuts
